 Dungeon Crawl Stone Soup version 0.22-a0-799-g88f5e90 (webtiles) character file.

529 iamserjio the Covert (level 7, 0/37 HPs)
             Began as a Spriggan Monk on July 21, 2018.
             Slain by an adder (3 damage)
             ... on level 5 of the Dungeon.
             The game lasted 00:11:46 (1694 turns).

iamserjio the Covert (Spriggan Monk)                Turns: 1694, Time: 00:11:47

Health: 0/37       AC:  1    Str:  7    XL:     7   Next: 3%
Magic:  8/8        EV: 22    Int: 19    God:
Gold:   248        SH:  0    Dex: 18    Spells: 5/6 levels left

rFire    . . .     SeeInvis +   j - +0 dagger (venom)
rCold    . . .     Gourm    .   (shield restricted)
rNeg     . . .     Faith    .   b - +0 robe
rPois    .         Spirit   .   (helmet restricted)
rElec    .         Reflect  .   (no cloak)
rCorr    .         Harm     .   (gloves unavailable)
MR       +....                  (boots unavailable)
Stlth    ++++......             (no amulet)
HPRegen  0.12/turn              (no ring)
MPRegen  0.11/turn              (no ring)

@: brilliant, lethally poisoned (0 -> -8), very quick
A: very small, unfitting armour, see invisible, deformed body, herbivore, speed
3, slow metabolism 2, evolution 1, subdued magic 1
a: no special abilities


You were on level 5 of the Dungeon.
You were not hungry.

You visited 1 branch of the dungeon, and saw 5 of its levels.

You collected 248 gold pieces.

Inventory:

Hand Weapons
 a - a +0 short sword
 h - a +0 dagger
 j - a +0 dagger of venom (weapon)
Missiles
 f - 55 arrows
Armour
 b - a +0 robe (worn)
Jewellery
 u - a cursed ring of attention {unknown}
Wands
 o - a wand of flame (16)
 t - a wand of polymorph (13)
Scrolls
 d - a scroll of teleportation {unknown}
 g - 2 scrolls of magic mapping
 i - a scroll of blinking
 k - a scroll of fog
 m - a scroll of remove curse {@r2}
 n - a scroll of enchant weapon {unknown}
 p - a scroll of identify {@r1}
Potions
 r - a potion of berserk rage {unknown}
 s - a potion of haste {unknown}
Comestibles
 c - 6 rations


   Skills:
 + Level 3.6 Fighting
 + Level 4.8 Short Blades
 + Level 6.4 Dodging
 * Level 8.0 Stealth


You had 5 spell levels left.
You knew the following spells:

 Your Spells              Type           Power        Failure   Level  Hunger
a - Magic Dart            Conj           #...         2%          1    ##.....

Your spell library contained the following spells:

 Spells                   Type           Power        Failure   Level  Hunger
 Conjure Flame            Conj/Fire      #.......     6%          3    ####...
 Lightning Bolt           Conj/Air       #.........   43%         5    ######.
 Slow                     Hex            #.......     3%          2    ###....
 Mephitic Cloud           Conj/Pois/Air  #.......     6%          3    ####...
 Blink                    Tloc           N/A          3%          2    ###....
 Call Imp                 Summ           #.......     3%          2    ###....
 Shock                    Conj/Air       #...         2%          1    ##.....
 Swiftness                Chrm/Air       #.......     3%          2    ###....
 Airstrike                Air            #.........   19%         4    #####..
 Static Discharge         Conj/Air       #.......     6%          3    ####...


Dungeon Overview and Level Annotations

Branches:
Dungeon (5/15)
 Temple: D:4-7

Altars:
Cheibriados
Elyvilon
Fedhas
Gozag
Hepliaklqana
Uskayaw
Zin

Annotations:
D:3 2 runed doors, feelmyfire's ghost, weakling DgTm


Innate Abilities, Weirdness & Mutations

You are very small and have problems with some larger weapons.
You are too small for most types of armour.
You have supernaturally acute eyesight. (SInv)
You are a herbivore.
You cover ground extremely quickly.
You need to consume almost no food.
Armour fits poorly on your strangely shaped body.
You evolve.
Your spells are a little easier to cast, but a little less powerful.


Message History

You barely miss the adder.
The adder is almost dead.
The adder misses you. The adder bites you.
* * * LOW HITPOINT WARNING * * *
You are lethally poisoned!
The adder poisons you!
It was a potion of brilliance.
You feel clever all of a sudden.
* * * LOW HITPOINT WARNING * * *
You feel sick.
You kill the adder!
Your Stealth skill increases to level 8!
The adder bites you.
* * * LOW HITPOINT WARNING * * *
It was a potion of mutation.
You feel extremely strange.
Your body twists and deforms.
Your connection to magic feels subdued.
You feel nature experimenting on you.
Don't worry, failures die fast.
* * * LOW HITPOINT WARNING * * *
You feel sick. The adder closely misses you. The adder bites you.
You die...

...................###.#####...##
###..#.......###....#............
#.##.......# #.#........5......
#.##.......# #.##.#..S.........
###.##.......# #....S..#####...##
#..........<.# ####.#### #...#
#.#.#..####.## #.# #..§#
#.#.#..####.# #####.# #...# #
#......##.###.@S5.# #...#
###.......>##†############...#
......#.##..##. #.........#
####........##. #.####.#.###
##.......... #...........
#....##.### ####........##.
#..### .# #...).......##. #.. .#
#.##........... ##. .#
#.###.##.##.##.


You could see a crimson imp and an adder.

Vanquished Creatures
  Sigmund (D:3)
  A centaur (D:5)
  A scorpion (D:4)
  2 orc wizards
  3 worker ants
  5 adders
  A howler monkey skeleton (D:4)
  A shadow imp (D:5)
  A dart slug (D:5)
  A worm (D:3)
  4 leopard geckos
  8 orcs
  4 giant cockroaches
  2 goblins
  A hobgoblin (D:1)
  3 jackals (D:4)
  3 quokkas
  3 bats
  4 frilled lizards
  2 kobolds
  7 rats
58 creatures vanquished.

Notes
Turn   | Place    | Note
-------+----------+-------------------------------------------
     0 | D:1      | iamserjio the Spriggan Monk began the quest for the Orb.
     0 | D:1      | Reached XP level 1. HP: 11/11 MP: 2/2
    26 | D:1      | You fall through a shaft!
   233 | D:2      | Reached XP level 2. HP: 4/16 MP: 3/3
   259 | D:2      | Noticed a necrophage
   621 | D:3      | Found a runed door.
   631 | D:3      | Reached skill level 4 in Stealth
   634 | D:3      | Noticed feelmyfire's ghost (weakling DgTm)
   663 | D:3      | Learned a level 1 spell: Magic Dart
   670 | D:3      | Found a runed door.
   671 | D:3      | Found a hide-covered altar of Uskayaw.
   719 | D:3      | Reached XP level 3. HP: 14/19 MP: 4/4
   723 | D:2      | Found a faded altar of an unknown god.
   878 | D:3      | Noticed Sigmund
   898 | D:3      | Killed Sigmund
   898 | D:3      | Reached skill level 5 in Dodging
   898 | D:3      | Reached skill level 6 in Stealth
   898 | D:3      | Reached XP level 4. HP: 23/24 MP: 5/5
   898 | D:3      | Reached XP level 5. HP: 27/28 MP: 6/6
  1107 | D:4      | Found an opulent altar of Gozag.
  1118 | D:4      | Reached XP level 6. HP: 22/32 MP: 7/7
  1120 | D:4      | Found a glowing silver altar of Zin.
  1122 | D:4      | Found a hazy altar of Hepliaklqana.
  1162 | D:5      | Entered Level 5 of the Dungeon
  1243 | D:5      | Found a snail-covered altar of Cheibriados.
  1283 | D:5      | Reached skill level 7 in Stealth
  1293 | D:5      | Found a white marble altar of Elyvilon.
  1487 | D:4      | Found a blossoming altar of Fedhas.
  1684 | D:5      | Reached XP level 7. HP: 8/36 MP: 8/8
  1693 | D:5      | Reached skill level 8 in Stealth
  1694 | D:5      | Gained mutation: Armour fits poorly on your strangely shaped body. [potion of mutation]
  1694 | D:5      | Gained mutation: Your spells are a little easier to cast, but a little less powerful. [potion of mutation]
  1694 | D:5      | Gained mutation: You evolve. [potion of mutation]
  1694 | D:5      | Slain by an adder

Vault maps used:
D:1:      sevenhm_arrival_forest_fort_large_2
D:2:      bloody_makhleb, chequers_ecumenical_altar_island
D:3:      nicolae_overflow_crystal_walls, ebering_ghost_sewer_f, uniq_sigmund
D:4:      old_standard_altar, minitemple, kennysheep_cross_room
D:5:      elyvilon_altar_4, kennysheep_slug_shrine, temple_hall, first_ration,
          kennysheep_small_circle

Skill      XL: |  1  2  3  4  5  6  7 |
---------------+----------------------+-----
Stealth        | 4 6 7 8 |  8.0
Fighting       | 3 |  3.6
Short Blades   | 4 |  4.8
Dodging        | 5 6 |  6.4

Action                   |  1- 3 |  4- 6 |  7- 9 || total
-------------------------+-------+-------+-------++-------
Melee: Short sword       |    67 |       |       ||    67
       Dagger            |    40 |    90 |     6 ||   136
Evoke: Wand              |       |     2 |     1 ||     3
  Use: Potion            |     1 |       |     3 ||     4
       Scroll            |       |     4 |       ||     4
 Stab: Sleeping          |    10 |    10 |       ||    20
Armor: Robe              |    11 |     3 |     1 ||    15
Dodge: Dodged            |    84 |    60 |    12 ||   156

Table legend:
 A = Spawn XP
 B = Non-spawn XP
 C = Spawn XP percentage of total XP
 D = Spawn monster count
 E = Non-spawn monster count
 F = Spawn count percentage of total count
 G = Total turns spent on level
                    A         B        C        D         E        F      G
               +---------+---------+-------+---------+---------+-------+---------
         Total |       0 |     756 |   0.0 |       0 |      58 |   0.0 |  1694
               +---------+---------+-------+---------+---------+-------+---------
           D:1 |       0 |      15 |   0.0 |       0 |      12 |   0.0 |   276
           D:2 |       0 |      35 |   0.0 |       0 |       7 |   0.0 |   308
           D:3 |       0 |     304 |   0.0 |       0 |      16 |   0.0 |   446
           D:4 |       0 |     183 |   0.0 |       0 |      13 |   0.0 |   227
           D:5 |       0 |     219 |   0.0 |       0 |      10 |   0.0 |   437
               +---------+---------+-------+---------+---------+-------+---------
